| TOP OF THE 1ST |
|
Springfield Cardinals batting - Pitching for San Antonio Missions : RHP Nick Cunningham
|
|
Pitching: RHP Nick Cunningham
|
|
|
Batting: RHB Fortunato Fteira
|
0-0: Ball 1-0: Foul Ball, location: 2F 1-1: Ground out 6-3 (Groundball, 6, EV 81.2 MPH)
|
|
Batting: RHB Tyler Walker
|
0-0: Ball 1-0: Called Strike 1-1: Foul Ball, location: 2F 1-2: Fly out, F8 (Line Drive, 78M, EV 109.4 MPH)
|
|
Batting: LHB Travis Ruppel
|
0-0: Ball 1-0: Ball 2-0: Called Strike 2-1: Foul Ball, location: 2F 2-2: Ball 3-2: Foul Ball, location: 2F 3-2: SINGLE (Line Drive, 8RS, EV 101.2 MPH)
|
|
Batting: RHB Davey Beeson
|
0-0: Ball 1-0: Fly out, F8 (Flyball, 8RM, EV 95.6 MPH)
|
| Top of the 1st over - 0 runs, 1 hit, 0 errors, 1 left on base; Springfield 0 - San Antonio 0 |
| BOTTOM OF THE 1ST |
|
San Antonio Missions batting - Pitching for Springfield Cardinals : RHP Kevon Jamison
|
|
Pitching: RHP Kevon Jamison
|
|
|
Batting: RHB Dave McBain
|
0-0: Called Strike 0-1: Swinging Strike 0-2: Ball 1-2: Ball 2-2: Foul Ball, location: 2F 2-2: Strikes out swinging
|
|
Batting: LHB Matt Patnaude
|
0-0: Called Strike 0-1: Swinging Strike 0-2: Ball 1-2: Ball 2-2: SINGLE (Groundball, 4MD, EV 110.6 MPH)
|
|
Batting: RHB Mike Maserang
|
0-0: Ball 1-0: Ball 2-0: Ball 3-0: Called Strike 3-1: Base on Balls Matt Patnaude to second
|
|
Batting: RHB John Freeman
|
0-0: Ball 1-0: Foul Ball, location: 2F 1-1: Foul Ball, location: 2F 1-2: Foul Ball, location: 2F 1-2: Strikes out looking
|
|
Batting: LHB Teko van de Sande
|
0-0: Foul Ball, location: 2F 0-1: SINGLE (Groundball, 34D, EV 85.6 MPH) (infield hit) Matt Patnaude to third Mike Maserang to second
|
|
Batting: RHB Joe Weissman
|
0-0: Ball 1-0: Fly out, F4 (Popup, 34S, EV 76.9 MPH)
|
| Bottom of the 1st over - 0 runs, 2 hits, 0 errors, 3 left on base; Springfield 0 - San Antonio 0 |
| TOP OF THE 2ND |
|
Springfield Cardinals batting - Pitching for San Antonio Missions : RHP Nick Cunningham
|
|
Batting: RHB Tommy Boudreaux
|
0-0: Reached on error, E3 (Groundball, 3, EV 97.5 MPH)
|
|
Batting: RHB Jose Jimenez
|
0-0: DOUBLE (Flyball, 89D, EV 95.6 MPH) Tommy Boudreaux to third
|
|
Batting: RHB Kalidas Mishra
|
0-0: Ball 1-0: Ball 2-0: Ball 3-0: Called Strike 3-1: Base on Balls
|
|
Batting: RHB Immel Kamuzu
|
0-0: Ball 1-0: Called Strike 1-1: Ball 2-1: Hit by Pitch Tommy Boudreaux scores Jose Jimenez to third Kalidas Mishra to second
|
|
Batting: RHB Edgar Landim
|
0-0: Called Strike 0-1: Ball 1-1: Swinging Strike 1-2: Foul Ball, location: 2F 1-2: Strikes out looking
|
|
Batting: RHB Fortunato Fteira
|
0-0: Ball 1-0: Foul Ball, location: 2F 1-1: Foul Ball, location: 2F 1-2: Ball 2-2: Foul Ball, location: 2F 2-2: Ball 3-2: Fielders Choice at 2nd, 4-6 (Groundball, 4, EV 85.6 MPH) Jose Jimenez scores Kalidas Mishra to third
|
|
Batting: RHB Tyler Walker
|
0-0: Called Strike 0-1: Ball 1-1: Swinging Strike 1-2: Ball Pickoff Throw by Catcher to First - Error! E2 Kalidas Mishra scores Fortunato Fteira to second 2-2: Strikes out swinging
|
| Top of the 2nd over - 3 runs, 1 hit, 2 errors, 1 left on base; Springfield 3 - San Antonio 0 |
| BOTTOM OF THE 2ND |
|
San Antonio Missions batting - Pitching for Springfield Cardinals : RHP Kevon Jamison
|
|
Batting: RHB Adrian Martinelli
|
0-0: Ball 1-0: Ball 2-0: Foul Ball, location: 2F 2-1: Ball 3-1: Called Strike 3-2: Foul Ball, location: 2F 3-2: Foul Ball, location: 2F 3-2: Strikes out swinging
|
|
Batting: RHB David Aguilar
|
0-0: Ground out 4-3 (Groundball, 4, EV 110.6 MPH)
|
|
Batting: LHB Josh Slusarczyk
|
0-0: Foul Ball, location: 2F 0-1: Foul Ball, location: 2F 0-2: Ball 1-2: Ball 2-2: Foul Ball, location: 2F 2-2: Ball 3-2: Strikes out looking
|
| Bottom of the 2nd over - 0 runs, 0 hits, 0 errors, 0 left on base; Springfield 3 - San Antonio 0 |
| TOP OF THE 3RD |
|
Springfield Cardinals batting - Pitching for San Antonio Missions : RHP Nick Cunningham
|
|
Batting: LHB Travis Ruppel
|
0-0: Ball 1-0: Called Strike 1-1: Foul Ball, location: 2F 1-2: Strikes out swinging
|
|
Batting: RHB Davey Beeson
|
0-0: Ground out 5-3 (Groundball, 56, EV 101.2 MPH)
|
|
Batting: RHB Tommy Boudreaux
|
0-0: Ball 1-0: SINGLE (Flyball, 4MD, EV 97.5 MPH)
|
|
Batting: RHB Jose Jimenez
|
0-0: Called Strike 0-1: Foul Ball, location: 2F 0-2: Ball 1-2: Foul Ball, location: 2F 1-2: Strikes out swinging
|
| Top of the 3rd over - 0 runs, 1 hit, 0 errors, 1 left on base; Springfield 3 - San Antonio 0 |
| BOTTOM OF THE 3RD |
|
San Antonio Missions batting - Pitching for Springfield Cardinals : RHP Kevon Jamison
|
|
Batting: RHB Dave McBain
|
0-0: Fly out, F9 (Flyball, 9LM, EV 81.9 MPH)
|
|
Batting: LHB Matt Patnaude
|
0-0: Called Strike 0-1: Foul Ball, location: 2F 0-2: Ball 1-2: Ground out U3 (Groundball, 34S, EV 82.5 MPH)
|
|
Batting: RHB Mike Maserang
|
0-0: SINGLE (Groundball, 56D, EV 106.9 MPH)
|
|
Batting: RHB John Freeman
|
0-0: Ball 1-0: Called Strike 1-1: Ball 2-1: Ball 3-1: Fly out, F7 (Flyball, 7, EV 79.4 MPH)
|
| Bottom of the 3rd over - 0 runs, 1 hit, 0 errors, 1 left on base; Springfield 3 - San Antonio 0 |
| TOP OF THE 4TH |
|
Springfield Cardinals batting - Pitching for San Antonio Missions : RHP Nick Cunningham
|
|
Batting: RHB Kalidas Mishra
|
0-0: Ball 1-0: DOUBLE (Line Drive, 89M, EV 106.2 MPH)
|
|
Batting: RHB Immel Kamuzu
|
0-0: Called Strike 0-1: Ground out 4-3 (Groundball, 4, EV 103.1 MPH) Kalidas Mishra to third
|
|
Batting: RHB Edgar Landim
|
0-0: Ground out 6-3 (Groundball, 56, EV 97.5 MPH) Kalidas Mishra scores
|
|
Batting: RHB Fortunato Fteira
|
0-0: Ball 1-0: Called Strike 1-1: Ball 2-1: Foul Ball, location: 2F 2-2: Ball 3-2: Foul Ball, location: 2F 3-2: Strikes out swinging
|
| Top of the 4th over - 1 run, 1 hit, 0 errors, 0 left on base; Springfield 4 - San Antonio 0 |
| BOTTOM OF THE 4TH |
|
San Antonio Missions batting - Pitching for Springfield Cardinals : RHP Kevon Jamison
|
|
Batting: LHB Teko van de Sande
|
0-0: Foul Ball, location: 2F 0-1: Foul Ball, location: 2F 0-2: Ball 1-2: Ground out 4-3 (Groundball, 4, EV 90.0 MPH)
|
|
Batting: RHB Joe Weissman
|
0-0: Called Strike 0-1: Ball 1-1: Called Strike 1-2: Ground out 1-3 (Groundball, 13S, EV 75.0 MPH)
|
|
Batting: RHB Adrian Martinelli
|
0-0: Ball 1-0: Called Strike 1-1: Swinging Strike 1-2: Strikes out swinging
|
| Bottom of the 4th over - 0 runs, 0 hits, 0 errors, 0 left on base; Springfield 4 - San Antonio 0 |
| TOP OF THE 5TH |
|
Springfield Cardinals batting - Pitching for San Antonio Missions : RHP Nick Cunningham
|
|
Batting: RHB Tyler Walker
|
0-0: Ball 1-0: Ball 2-0: Called Strike 2-1: Ball 3-1: Called Strike 3-2: Foul Ball, location: 2F 3-2: Ground out U3 (Groundball, 34S, EV 86.9 MPH)
|
|
Batting: LHB Travis Ruppel
|
0-0: Ball 1-0: Ground out 4-3 (Groundball, 4S, EV 80.0 MPH)
|
|
Batting: RHB Davey Beeson
|
0-0: Ground out 4-3 (Groundball, 4, EV 81.2 MPH)
|
| Top of the 5th over - 0 runs, 0 hits, 0 errors, 0 left on base; Springfield 4 - San Antonio 0 |
| BOTTOM OF THE 5TH |
|
San Antonio Missions batting - Pitching for Springfield Cardinals : RHP Kevon Jamison
|
|
Batting: RHB David Aguilar
|
0-0: SINGLE (Groundball, 6MD, EV 100.6 MPH)
|
|
Batting: LHB Josh Slusarczyk
|
0-0: Called Strike 0-1: Foul Ball, location: 2F 0-2: Strikes out looking
|
|
Batting: RHB Dave McBain
|
0-0: Grounds into double play, 5-4-3 (Groundball, 56, EV 79.4 MPH)
|
| Bottom of the 5th over - 0 runs, 1 hit, 0 errors, 0 left on base; Springfield 4 - San Antonio 0 |
| TOP OF THE 6TH |
|
Springfield Cardinals batting - Pitching for San Antonio Missions : RHP Nick Cunningham
|
|
Batting: RHB Tommy Boudreaux
|
0-0: Ball 1-0: SOLO HOME RUN (Flyball, 7LD, EV 93.1 MPH), Distance : 331 ft
|
|
Pitching: LHP Dan Gatlin
|
|
|
Batting: RHB Jose Jimenez
|
0-0: Ball 1-0: Ball 2-0: Swinging Strike 2-1: Fly out, F9 (Flyball, 9, EV 91.2 MPH)
|
|
Batting: RHB Kalidas Mishra
|
0-0: Ball 1-0: Ground out 1-3 (Groundball, 34S, EV 66.9 MPH)
|
|
Batting: RHB Immel Kamuzu
|
0-0: Called Strike 0-1: Ball 1-1: Ball 2-1: Foul Ball, location: 2F 2-2: Ball 3-2: Base on Balls
|
|
Batting: RHB Edgar Landim
|
Pickoff Throw to First - Out! 1-3
|
| Top of the 6th over - 1 run, 1 hit, 0 errors, 0 left on base; Springfield 5 - San Antonio 0 |
| BOTTOM OF THE 6TH |
|
San Antonio Missions batting - Pitching for Springfield Cardinals : RHP Kevon Jamison
|
|
Batting: LHB Matt Patnaude
|
0-0: Called Strike 0-1: Fly out, F8 (Flyball, 8LS, EV 71.9 MPH)
|
|
Batting: RHB Mike Maserang
|
0-0: Called Strike 0-1: Foul Ball, location: 2F 0-2: SINGLE (Line Drive, 8RS, EV 103.8 MPH)
|
|
Batting: RHB John Freeman
|
0-0: Foul Ball, location: 2F 0-1: Called Strike 0-2: Grounds into double play, 5-4-3 (Groundball, 56, EV 99.4 MPH)
|
| Bottom of the 6th over - 0 runs, 1 hit, 0 errors, 0 left on base; Springfield 5 - San Antonio 0 |
| TOP OF THE 7TH |
|
Springfield Cardinals batting - Pitching for San Antonio Missions : LHP Dan Gatlin
|
|
Batting: RHB Edgar Landim
|
0-0: Swinging Strike 0-1: Ground out 4-3 (Groundball, 4, EV 105.6 MPH)
|
|
Batting: RHB Fortunato Fteira
|
0-0: Foul Ball, location: 2F 0-1: Ball 1-1: Swinging Strike 1-2: Foul Ball, location: 2F 1-2: Ball 2-2: Foul Ball, location: 2F 2-2: Fly out, F9 (Flyball, 9, EV 87.5 MPH)
|
|
Batting: RHB Tyler Walker
|
0-0: Ball 1-0: Ball 2-0: Called Strike 2-1: Ball 3-1: Foul Ball, location: 2F 3-2: Base on Balls
|
|
Batting: LHB Travis Ruppel
|
0-0: Ball 1-0: Ball Tyler Walker steals 2nd, throwing error, E2 Tyler Walker to third 2-0: Ball 3-0: Swinging Strike 3-1: Fly out, F6 (Popup, 6M, EV 53.1 MPH)
|
| Top of the 7th over - 0 runs, 0 hits, 1 error, 1 left on base; Springfield 5 - San Antonio 0 |
| BOTTOM OF THE 7TH |
|
San Antonio Missions batting - Pitching for Springfield Cardinals : RHP Kevon Jamison
|
|
Batting: LHB Teko van de Sande
|
0-0: Called Strike 0-1: Foul Ball, location: 2F 0-2: Strikes out looking
|
|
Batting: RHB Joe Weissman
|
0-0: Called Strike 0-1: Hit by Pitch
|
|
Batting: RHB Adrian Martinelli
|
0-0: Ball 1-0: Called Strike 1-1: Ball 2-1: Ball 3-1: Called Strike 3-2: Strikes out looking
|
|
Batting: RHB David Aguilar
|
0-0: Ground out 3-1 (Groundball, 34, EV 106.2 MPH)
|
| Bottom of the 7th over - 0 runs, 0 hits, 0 errors, 1 left on base; Springfield 5 - San Antonio 0 |
| TOP OF THE 8TH |
|
Springfield Cardinals batting - Pitching for San Antonio Missions : LHP Dan Gatlin
|
|
Batting: RHB Davey Beeson
|
0-0: Ball 1-0: Fly out, F7 (Flyball, 7LSF, EV 78.8 MPH)
|
|
Batting: RHB Tommy Boudreaux
|
0-0: Fly out, F7 (Flyball, 7LS, EV 81.9 MPH)
|
|
Batting: RHB Jose Jimenez
|
0-0: Called Strike 0-1: Foul Ball, location: 2F 0-2: Ball 1-2: Strikes out swinging
|
| Top of the 8th over - 0 runs, 0 hits, 0 errors, 0 left on base; Springfield 5 - San Antonio 0 |
| BOTTOM OF THE 8TH |
|
San Antonio Missions batting - Pitching for Springfield Cardinals : RHP Kevon Jamison
|
|
Batting: LHB Josh Slusarczyk
|
0-0: Foul Ball, location: 2F 0-1: Swinging Strike 0-2: Strikes out swinging
|
|
Batting: RHB Dave McBain
|
0-0: Fly out, F1 (Line Drive, P, EV 68.8 MPH)
|
|
DELAY
|
Rain delay of 41 minutes in the 8th inning.
|
|
Batting: LHB Matt Patnaude
|
0-0: SINGLE (Groundball, 34D, EV 101.2 MPH)
|
|
Pitching: RHP Phil Feldscher
|
|
|
Batting: RHB Mike Maserang
|
0-0: SINGLE (Groundball, 6D, EV 107.5 MPH) Matt Patnaude to second Runner from 2nd tries for 3rd, SAFE, throw by CF made to third
|
|
Batting: RHB John Freeman
|
0-0: Called Strike 0-1: Ball 1-1: Ball 2-1: SINGLE (Groundball, 56S, EV 71.2 MPH) (infield hit) Matt Patnaude scores Mike Maserang to second
|
|
Batting: LHB Teko van de Sande
|
0-0: Called Strike 0-1: Ball 1-1: Ball 2-1: SINGLE (Groundball, 4MD, EV 103.1 MPH) (infield hit) Mike Maserang to third John Freeman to second
|
|
Batting: RHB Joe Weissman
|
0-0: Called Strike 0-1: Ball 1-1: Ball 2-1: Foul Ball, location: 2F 2-2: Ball 3-2: SINGLE (Groundball, 6, EV 96.9 MPH) Mike Maserang scores John Freeman to third Teko van de Sande to second John Freeman scores Teko van de Sande to third
|
|
Batting: RHB Adrian Martinelli
|
0-0: Called Strike 0-1: Called Strike 0-2: Foul Ball, location: 2F 0-2: Ball 1-2: Foul Ball, location: 2F 1-2: Ball 2-2: Strikes out swinging
|
| Bottom of the 8th over - 3 runs, 5 hits, 0 errors, 2 left on base; Springfield 5 - San Antonio 3 |
| TOP OF THE 9TH |
|
Springfield Cardinals batting - Pitching for San Antonio Missions : LHP Dan Gatlin
|
|
Pitching: RHP Tony Delgado
|
|
|
Batting: RHB Kalidas Mishra
|
0-0: Foul Ball, location: 2F 0-1: TRIPLE (Flyball, 78XD, EV 92.5 MPH)
|
|
Batting: RHB Immel Kamuzu
|
0-0: Swinging Strike 0-1: Ball 1-1: Ball 2-1: Foul Ball, location: 2F 2-2: Strikes out looking
|
|
Batting: RHB Edgar Landim
|
0-0: Called Strike 0-1: Called Strike 0-2: Ball 1-2: Strikes out looking
|
|
Batting: RHB Fortunato Fteira
|
0-0: Called Strike 0-1: Swinging Strike 0-2: Strikes out swinging
|
| Top of the 9th over - 0 runs, 1 hit, 0 errors, 1 left on base; Springfield 5 - San Antonio 3 |
| BOTTOM OF THE 9TH |
|
San Antonio Missions batting - Pitching for Springfield Cardinals : RHP Phil Feldscher
|
|
Pitching: LHP Nick Suggett
|
|
|
Now in LF: Austin Akers
|
|
|
Batting: RHB David Aguilar
|
0-0: Called Strike 0-1: Swinging Strike 0-2: Ground out 4-3 (Groundball, 4, EV 84.4 MPH)
|
|
Pinch Hitting: RHB Jaden Scott
|
0-0: Called Strike 0-1: Foul Ball, location: 2F 0-2: Ball 1-2: Foul Ball, location: 2F 1-2: Ball 2-2: Strikes out swinging
|
|
Batting: RHB Dave McBain
|
0-0: Called Strike 0-1: Called Strike 0-2: Ball 1-2: Ground out 4-3 (Groundball, 4, EV 104.4 MPH)
|
| Bottom of the 9th over - 0 runs, 0 hits, 0 errors, 0 left on base; Springfield 5 - San Antonio 3 |
|